 Dungeon Crawl Stone Soup version 0.31-a0-204-g7da18cac08 (webtiles) character file.

Game seed: 4867114537774155430

17787 qw the Markself (level 12, -2/72 HPs)
             Began as a Deep Elf Hunter on June 27, 2023.
             Was a High Priest of Okawaru.
             Slain by a death yak (15 damage)
             ... on level 2 of the Lair of Beasts.
             The game lasted 00:04:58 (10432 turns).

qw the Markself (Deep Elf Hunter)                  Turns: 10432, Time: 00:04:59

Health: -2/72      AC: 16    Str: 12    XL:     12   Next: 22%
Magic:  27/29      EV: 19    Int: 16    God:    Okawaru [*****.]
Gold:   809        SH:  0    Dex: 18    Spells: 11/11 levels left

rFire   . . .        Y - +1 arbalest (chaos)
rCold   + . .        (shield currently unavailable)
rNeg    + . .        t - +2 ring mail {rPois}
rPois   +            (helmet restricted)
rElec   .            c - +0 cloak
rCorr   .            k - +2 pair of gloves
SInv    .            u - +0 pair of boots
Will    +....        x
                       - Hermit's Pendant {Faith Invo=14 Evo=0 MP+5}
Stlth   +++          q - ring of positive energy
HPRegen 0.32/turn    m - ring of protection from cold
MPRegen 0.21/turn

%: faith
@: about to teleport, heroic, finesse-ful
A: antennae 1, iridescent scales 1
a: Renounce Religion, Heroism, Finesse, Duel


You were on level 2 of the Lair of Beasts.
You worshipped Okawaru.
Okawaru was extremely pleased with you.
You visited 2 branches of the dungeon, and saw 12 of its levels.
You also visited: Sewer.

You collected 809 gold pieces.


Innate Abilities, Weirdness & Mutations

You have a pair of small antennae on your head.
You are partially covered in iridescent scales. (AC +2)


   Skills:
 - Level 7.1(12.1) Fighting
 - Level 18.0(23.0) Ranged Weapons
 - Level 3.0(8.0) Armour
 + Level 9.7(14.7) Dodging
 - Level 1.2(6.2) Stealth
 - Level 10.0(14.0) Invocations


You had 11 spell levels left.
You didn't know any spells.
Your spell library was empty.

Inventory:

Hand Weapons
 Y - a +1 arbalest of chaos (weapon)
Armour
 c - a +0 cloak (worn)
 j - the scarf "Letuso" {+Inv, Harm rF+ rC+ Slay-3}
   (You acquired it on level 6 of the Dungeon)

   Slay:      It affects your accuracy & damage with ranged weapons and melee
   (-3).
   rF:        It protects you from fire.
   rC:        It protects you from cold.
   Harm:      It increases damage dealt and taken.
 k - a +2 pair of gloves (worn)
 t - a +2 ring mail of poison resistance (worn)
 u - a +0 pair of boots (worn)
 w - a +3 ring mail
Jewellery
 a - a +5 ring of evasion
 e - a ring of poison resistance
 m - a ring of protection from cold (right hand)
 o - an amulet of regeneration
 p - a ring of positive energy
 q - a ring of positive energy (left hand)
 x - the Hermit's Pendant (around neck) {Faith Invo=14 Evo=0 MP+5}
   (You took it off Maurice on level 9 of the Dungeon)

   [amulet of faith]

   Invo=14: It sets your Invocations skill to 14.
   Evo=0: It sets your Evocations skill to 0.
   It allows you to gain divine favour quickly.
   MP:        It affects your magic capacity (+5).
Wands
 s - a wand of digging (6)
Scrolls
 b - 4 scrolls of identify
 f - 3 scrolls of teleportation
Potions
 d - 2 potions of curing
 g - 4 potions of mutation
 h - a potion of magic
 i - a potion of cancellation
 l - 2 potions of haste
 n - 5 potions of enlightenment
 r - a potion of resistance
 v - a potion of might

Dungeon Overview and Level Annotations

Branches:
Dungeon (10/15)            Temple (0/1) D:7            Lair (2/5) D:10
  Sewer (visited)
  Swamp: Lair:2-3    Shoals: Lair:2-3     Snake: Lair:2-3    Spider: Lair:2-3
    Orc: D:9-12

Altars:
Ashenzari
Elyvilon
Fedhas
Hepliaklqana
Nemelex Xobeh
Okawaru
Qazlal
Ru
Sif Muna
Trog
Uskayaw
Vehumet
Xom

Annotations:
D:4 3 runed translucent doors, qw's ghost, amateur DEHu
D:10 3 runed translucent doors, qw's ghost, journeyman DEHu; qw's ghost, novice DEHu


Message History

The death yak is severely wounded.
You shoot a bolt. The bolt barely misses the death yak.
You shoot a bolt. The bolt hits the death yak!
The bolt burns the death yak.
The death yak is almost dead.
You shoot a bolt.
The bolt hits the death yak but does no damage.
You shoot a bolt. The bolt hits the death yak!
The bolt freezes the death yak.
The death yak is lightly wounded.
You shoot a bolt. The bolt hits the death yak.
Lightning courses through the death yak!
You kill the death yak!
Okawaru accepts your kill.
You shoot a bolt. The bolt barely misses the death yak.
You shoot a bolt.
The bolt hits the death yak but does no damage.
The death yak is lightly wounded.
You shoot a bolt.
The bolt hits the death yak but does no damage.
The death yak suddenly seems more resistant.
The death yak is lightly wounded.
The death yak gores you.
You shoot a bolt. The bolt hits the death yak!
The bolt freezes the death yak.
The death yak is moderately wounded.
You shoot a bolt. The bolt hits the death yak!
You drain the death yak.
The death yak is heavily wounded.
The death yak gores you! The death yak closely misses you.
You shoot a bolt. The bolt barely misses the death yak.
The death yak completely misses you. x2; The death yak closely misses you.
You shoot a bolt. The bolt hits the death yak.
The death yak seems to grow stronger.
The death yak is heavily wounded.
You shoot a bolt. The bolt hits the death yak.
The death yak is heavily wounded.
The death yak barely misses you. The death yak gores you!
The death yak gores you!!
10432 ||| READING 4 scrolls of teleportation.
As you read the scroll of teleportation, it crumbles to dust.
You feel strangely unstable. The death yak gores you!
You die...

## #########.# #.
#.#.##....#
####.##........#
.........777...##
..!.^...7# #7...# .
^..#....7 7...## #.
.# #....7#
#7....#####P.
###...777............
#(.@.......%#...#..
##YYY.....P...##..##
#%.####P..P..###...
..#. ##.###......#
#.. # #..###%#.P..
... #..#........ ....
.....P.P.#.P ..$##
..#########. . #


You could see 3 death yaks.

Vanquished Creatures
  A catoblepas (Lair:1)
  2 two-headed ogres (D:10)
  2 death yaks (Lair:2)
  Pikel (D:7)
  An elephant (D:10)
  Joseph (D:8)
  Maurice (D:9)
  A black mamba (Lair:1)
  6 cane toads
  Psyche (D:8)
  A gargoyle (D:7)
  A komodo dragon (Lair:2)
  3 trolls
  Grinder (D:4)
  5 blink frogs (Lair:1)
  Sigmund (D:5)
  10 yaks
  3 wyverns
  2 basilisks (D:9)
  6 vampire mosquitoes (D:10)
  Edmund (D:6)
  A steam dragon (D:10)
  7 water moccasins
  Pargi (D:4)
  2 sky beasts (D:6)
  2 orc warriors
  3 black bears
  An ogre (D:5)
  4 centaurs
  2 lemures (D:7)
  2 phantoms
  3 kobold brigands
  3 bullfrogs
  A gnoll sergeant (D:8)
  2 scorpions (D:6)
  25 wights
  7 killer bees
  7 howler monkeys
  A jelly (D:5)
  3 orc priests
  3 hounds
  Ijyb (D:3)
  8 iguanas
  4 sleepcaps
  Natasha (D:2)
  4 orc wizards
  5 gnolls (D:8)
  7 river rats
  14 adders
  2 shadow imps
  2 white imps
  2 ufetubi (D:5)
  A worm (D:2)
  2 dart slugs
  29 orcs
  10 bats
  12 endoplasms
  6 giant cockroaches
  8 goblins
  7 hobgoblins
  6 jackals
  8 quokkas
  16 ball pythons
  5 frilled lizards
  16 kobolds
  6 rats
313 creatures vanquished.

Vanquished Creatures (others)
  A wizard (D:7)
1 creature vanquished.

Grand Total: 314 creatures vanquished

Notes
Turn   | Place    | Note
-------+----------+-------------------------------------------
     0 | D:1      | qw the Deep Elf Hunter began the quest for the Orb.
     0 | D:1      | Reached XP level 1. HP: 12/12 MP: 3/3
     0 | D:1      | 0 ||| qw: Version: 0.3-a-22-g0ed2b0b
     0 | D:1      | 0 ||| qw: Game counter: 6562
     0 | D:1      | 0 ||| qw: Melee chars always use a shield: true
     0 | D:1      | 0 ||| qw: God list: Okawaru
     0 | D:1      | 0 ||| qw: Allow faded altars: false
     0 | D:1      | 0 ||| qw: Do Orc after clearing Dungeon:15 true
     0 | D:1      | 0 ||| qw: Do second Lair branch before Depths: true
     0 | D:1      | 0 ||| qw: Lair rune preference: random
     0 | D:1      | 0 ||| qw: Goals: Normal
     0 | D:1      | 0 ||| PLANNING D:1-11
    63 | D:1      | Reached XP level 2. HP: 13/16 MP: 4/4
    86 | D:1      | Reached skill level 6 in Ranged Weapons
   545 | D:1      | 545 ||| UPGRADING to +0 ring mail.
   555 | D:1      | 555 ||| DROPPING +0 leather armour.
   556 | D:1      | 556 ||| UPGRADING to +2 pair of gloves.
   561 | D:1      | 561 ||| UPGRADING to ring of poison resistance.
   562 | D:1      | 562 ||| READING scroll labelled LALLERPH KERETZ.
   563 | D:1      | 563 ||| READING scroll labelled MIRAKL LYECA.
   564 | D:1      | 564 ||| READING 2 scrolls labelled ODASCH JILARAQYGH.
   565 | D:1      | 565 ||| READING scroll labelled TOMPOR ZAPOWKIT.
   566 | D:1      | 566 ||| DROPPING scroll of butterflies.
   567 | D:1      | 567 ||| DROPPING scroll of blinking.
   642 | D:2      | Reached XP level 3. HP: 16/20 MP: 5/5
   700 | D:2      | You fall into a shaft and drop 1 floor!
   716 | D:3      | Found an iron altar of Okawaru.
   717 | D:3      | 717 ||| PLANNING OKAWARU WORSHIP
   717 | D:3      | 717 ||| DRINKING 2 ruby potions.
   725 | D:3      | Became a worshipper of Warmaster Okawaru
   726 | D:3      | 726 ||| PLANNING D:1-11
   732 | D:3      | Found a stormy altar of Qazlal.
   870 | D:3      | Found a faded altar of an unknown god.
   948 | D:3      | Reached skill level 7 in Ranged Weapons
   987 | D:3      | Reached XP level 4. HP: 25/25 MP: 6/6
  1199 | D:3      | 1199 ||| READING scroll labelled FULORAA NANY.
  1202 | D:3      | 1202 ||| READING scroll labelled RYPETS AGAE.
  1611 | D:2      | Found a white marble altar of Elyvilon.
  1621 | D:2      | Reached skill level 8 in Ranged Weapons
  1647 | D:2      | Noticed Natasha
  1650 | D:2      | Killed Natasha
  1651 | D:2      | Reached XP level 5. HP: 23/29 MP: 7/7
  1831 | D:2      | 1831 ||| UPGRADING to +0 cloak.
  1836 | D:2      | 1836 ||| READING scroll labelled YROUSE ZABIOTUSEXT.
  1837 | D:2      | 1837 ||| READING scroll labelled QIESSEQILL.
  1860 | D:3      | Noticed Ijyb
  1865 | D:3      | 1865 ||| STAIRDANCE
  1884 | D:3      | Killed Ijyb
  2198 | D:3      | Found a sacrificial altar of Ru.
  2362 | D:4      | Reached skill level 9 in Ranged Weapons
  2428 | D:4      | Noticed a phantom
  2439 | D:4      | Killed a phantom
  2440 | D:4      | Reached XP level 6. HP: 27/36 MP: 8/8
  2635 | D:4      | Reached skill level 1 in Armour
  2638 | D:4      | Reached * piety under Okawaru
  2643 | D:4      | 2643 ||| FLEEEEING.
  2691 | D:4      | 2691 ||| INVOKING Heroism.
  2708 | D:4      | 2708 ||| FLEEEEING.
  2711 | D:4      | 2711 ||| FLEEEEING.
  2712 | D:4      | 2712 ||| FLEEEEING.
  2713 | D:4      | 2713 ||| FLEEEEING.
  2714 | D:4      | 2714 ||| FLEEEEING.
  2728 | D:4      | 2728 ||| FLEEEEING.
  2729 | D:4      | 2729 ||| FLEEEEING.
  2731 | D:4      | 2731 ||| STAIRDANCE
  2779 | D:3      | 2779 ||| UPGRADING to ring of protection from cold.
  2780 | D:3      | 2780 ||| READING scroll labelled KECVIR FENE.
  2881 | D:3      | 2881 ||| DRINKING 2 lumpy blue potions.
  2881 | D:3      | Gained mutation: You are partially covered in iridescent
                  | scales. (AC +2) [potion of mutation]
  2881 | D:3      | Gained mutation: You have a pair of small antennae on your
                  | head. [potion of mutation]
  2882 | D:3      | 2882 ||| READING 2 scrolls of identify.
  2882 | D:3      | 2882 ||| IDENTIFYING smoky dark potion
  2897 | D:4      | Found a hide-covered altar of Uskayaw.
  2963 | D:4      | Noticed Grinder
  2965 | D:4      | Noticed Pargi
  2972 | D:4      | Killed Pargi
  2973 | D:4      | Reached skill level 10 in Ranged Weapons
  2976 | D:4      | Paralysed by Grinder for 5 turns
  2983 | D:4      | Killed Grinder
  2984 | D:4      | Reached XP level 7. HP: 24/40 MP: 9/9
  3148 | D:4      | 3148 ||| INVOKING Heroism.
  3362 | D:4      | Found a runed translucent gate.
  3363 | D:4      | Found a runed translucent gate.
  3363 | D:4      | Found a runed translucent gate.
  3364 | D:4      | Noticed qw's ghost (amateur DEHu)
  3364 | D:4      | Identified the +13 plate armour of Paot {rF+ rN++}
  3520 | D:4      | 3520 ||| DROPPING +2 pair of gloves.
  3521 | D:4      | 3521 ||| UPGRADING to amulet of regeneration.
  3566 | D:5      | Entered Level 5 of the Dungeon
  3567 | D:5      | 3567 ||| PLANNING SEWER
  3590 | D:5      | Noticed Sigmund
  3605 | D:5      | Identified the +0 war axe of Gravity {vamp, Fragile rPois
                  | rF+ rC+}
  3618 | D:5      | 3618 ||| INVOKING Heroism.
  3628 | D:5      | Killed Sigmund
  3629 | D:5      | Reached skill level 11 in Ranged Weapons
  3697 | D:5      | Reached skill level 1 in Invocations
  3697 | D:5      | Reached XP level 8. HP: 45/45 MP: 10/10
  3711 | D:5      | 3711 ||| INVOKING Heroism.
  3734 | D:5      | 3734 ||| FLEEEEING.
  3738 | D:5      | 3738 ||| INVOKING Heroism.
  3750 | D:5      | 3750 ||| FLEEEEING.
  3752 | D:5      | 3752 ||| FLEEEEING.
  3753 | D:5      | 3753 ||| FLEEEEING.
  3774 | D:5      | Found a sparkling altar of Nemelex Xobeh.
  3923 | D:5      | 3923 ||| INVOKING Heroism.
  4097 | D:5      | Reached skill level 3 in Invocations
  4118 | D:5      | 4118 ||| SWAPPING to +0 orcbow.
  4119 | D:5      | 4119 ||| DROPPING +0 heavy shortbow.
  4157 | D:5      | Reached skill level 12 in Ranged Weapons
  4161 | D:5      | Found a glowing drain.
  4162 | D:5      | 4162 ||| READING scroll labelled QULIJA OTAOHU.
  4163 | D:5      | 4163 ||| READING 3 scrolls of identify.
  4163 | D:5      | 4163 ||| IDENTIFYING blue potion
  4164 | D:5      | 4164 ||| READING 2 scrolls of identify.
  4164 | D:5      | 4164 ||| IDENTIFYING yellow potion
  4165 | D:5      | 4165 ||| DROPPING potion of invisibility.
  4166 | D:5      | 4166 ||| DROPPING potion of brilliance.
  4176 | Sewer    | Entered a sewer
  4274 | Sewer    | 4274 ||| Stepping ~*~*~tactically~*~*~ (water).
  4295 | Sewer    | 4295 ||| Stepping ~*~*~tactically~*~*~ (water).
  4353 | Sewer    | 4353 ||| INVOKING Heroism.
  4397 | Sewer    | Reached skill level 3 in Fighting
  4454 | Sewer    | 4454 ||| Stepping ~*~*~tactically~*~*~ (water).
  4711 | Sewer    | 4711 ||| READING 2 scrolls of identify.
  4711 | Sewer    | 4711 ||| IDENTIFYING orange potion
  4734 | D:5      | 4734 ||| PLANNING D:1-11
  4829 | D:5      | Found a shimmering blue altar of Sif Muna.
  4916 | D:6      | Noticed Edmund
  4917 | D:6      | 4917 ||| INVOKING Heroism.
  4932 | D:6      | Killed Edmund
  5014 | D:6      | Reached skill level 13 in Ranged Weapons
  5119 | D:6      | 5119 ||| INVOKING Heroism.
  5144 | D:6      | 5144 ||| READING scroll of brand weapon.
  5144 | D:6      | 5144 ||| BRANDING +0 orcbow.
  5183 | D:6      | Reached XP level 9. HP: 47/50 MP: 14/14
  5297 | D:6      | Found a stormy altar of Qazlal.
  5298 | D:6      | 5298 ||| Stepping ~*~*~tactically~*~*~ (outnumbered).
  5303 | D:6      | Reached skill level 14 in Ranged Weapons
  5319 | D:6      | 5319 ||| INVOKING Heroism.
  5473 | D:6      | 5473 ||| INVOKING Heroism.
  5840 | D:6      | 5840 ||| UPGRADING to +2 ring mail of poison resistance.
  5850 | D:6      | 5850 ||| REMOVING ring of poison resistance.
  5851 | D:6      | 5851 ||| DROPPING +0 ring mail.
  5852 | D:6      | 5852 ||| UPGRADING to ring of positive energy.
  5853 | D:6      | 5853 ||| DROPPING ring of magical power.
  5854 | D:6      | 5854 ||| DROPPING ring of flight.
  5855 | D:6      | 5855 ||| READING scroll labelled IGGIDO KEORANK.
  5856 | D:6      | 5856 ||| READING scroll labelled TIUMNA MUTT.
  5856 | D:6      | Identified a scroll of acquirement
  5856 | D:6      | 5856 ||| ACQUIRING scarf "Letuso" {+Inv, Harm rF+ rC+
                  | Slay-3}
  5856 | D:6      | Acquired the scarf "Letuso" {+Inv, Harm rF+ rC+ Slay-3}
  5858 | D:6      | 5858 ||| READING 2 scrolls of identify.
  5858 | D:6      | 5858 ||| IDENTIFYING coppery potion
  5932 | D:7      | Reached ** piety under Okawaru
  5933 | D:7      | Reached skill level 15 in Ranged Weapons
  5943 | D:7      | 5943 ||| INVOKING Heroism.
  5990 | D:7      | Found a staircase to the Ecumenical Temple.
  6174 | D:7      | Noticed a troll
  6175 | D:7      | 6175 ||| INVOKING Heroism.
  6180 | D:7      | Killed a troll
  6310 | D:7      | Noticed a gargoyle
  6316 | D:7      | Killed a gargoyle
  6317 | D:7      | Reached skill level 16 in Ranged Weapons
  6331 | D:7      | Found a blossoming altar of Fedhas.
  6445 | D:7      | Reached *** piety under Okawaru
  6454 | D:7      | Reached XP level 10. HP: 56/56 MP: 15/15
  6620 | D:7      | Found a bloodstained altar of Trog.
  6621 | D:7      | Noticed a wizard
  6626 | D:7      | Killed a wizard
  6684 | D:7      | Noticed Pikel
  6695 | D:7      | Killed Pikel
  6696 | D:7      | Reached skill level 6 in Dodging
  6767 | D:7      | 6767 ||| UPGRADING to +0 pair of boots.
  6772 | D:7      | 6772 ||| READING scroll labelled ADDU LAORECA.
  6850 | D:8      | Noticed Psyche
  6851 | D:8      | 6851 ||| INVOKING Heroism.
  6854 | D:8      | Killed Psyche
  6884 | D:8      | 6884 ||| Stepping ~*~*~tactically~*~*~ (outnumbered).
  6886 | D:8      | 6886 ||| Stepping ~*~*~tactically~*~*~ (outnumbered).
  6892 | D:8      | 6892 ||| Stepping ~*~*~tactically~*~*~ (outnumbered).
  6900 | D:8      | Reached skill level 3 in Armour
  6909 | D:8      | 6909 ||| Stepping ~*~*~tactically~*~*~ (outnumbered).
  6911 | D:8      | 6911 ||| Stepping ~*~*~tactically~*~*~ (outnumbered).
  6915 | D:8      | Noticed Joseph
  6920 | D:8      | 6920 ||| INVOKING Heroism.
  6925 | D:8      | 6925 ||| FLEEEEING.
  6927 | D:8      | 6927 ||| FLEEEEING.
  6936 | D:8      | Killed Joseph
  7161 | D:8      | Reached **** piety under Okawaru
  7370 | D:8      | 7370 ||| Stepping ~*~*~tactically~*~*~ (outnumbered).
  7372 | D:8      | 7372 ||| Stepping ~*~*~tactically~*~*~ (outnumbered).
  7479 | D:8      | 7479 ||| DRINKING 2 black potions.
  7480 | D:8      | 7480 ||| DRINKING 2 potions of curing.
  7480 | D:8      | 7480 ||| (to cure confusion)
  7481 | D:8      | 7481 ||| READING 4 scrolls of identify.
  7481 | D:8      | 7481 ||| IDENTIFYING green potion
  7482 | D:8      | 7482 ||| READING 3 scrolls of identify.
  7482 | D:8      | 7482 ||| IDENTIFYING fuming cyan potion
  7483 | D:8      | 7483 ||| DROPPING potion of ambrosia.
  7484 | D:8      | 7484 ||| DROPPING potion of attraction.
  7573 | D:9      | 7573 ||| INVOKING Heroism.
  7658 | D:9      | 7658 ||| FLEEEEING.
  7696 | D:9      | Found a hazy altar of Hepliaklqana.
  7696 | D:9      | Found a broken altar of Ashenzari.
  7830 | D:9      | Reached skill level 6 in Fighting
  7862 | D:9      | Noticed Maurice
  7862 | D:9      | Found the Hermit's Pendant {Faith Invo=14 Evo=0 MP+5}
  7871 | D:9      | Killed Maurice
  8030 | D:9      | 8030 ||| UPGRADING to Hermit's Pendant {Faith Invo=14 Evo=0
                  | MP+5}.
  8115 | D:10     | Entered Level 10 of the Dungeon
  8115 | D:10     | Noticed an elephant
  8115 | D:10     | Found a staircase to the Lair.
  8128 | D:10     | Killed an elephant
  8128 | D:10     | Reached ***** piety under Okawaru
  8129 | D:10     | Reached XP level 11. HP: 61/64 MP: 23/23
  8133 | D:10     | 8133 ||| STAIRDANCE
  8137 | D:9      | 8137 ||| DRINKING 2 potions of cancellation.
  8140 | D:9      | 8140 ||| INVOKING Heroism.
  8142 | D:9      | Reached skill level 9 in Dodging
  8145 | D:9      | Reached skill level 6 in Invocations
  8256 | D:10     | 8256 ||| READING 3 scrolls of brand weapon.
  8256 | D:10     | 8256 ||| BRANDING +0 orcbow of flaming.
  8276 | D:10     | Noticed a two-headed ogre
  8277 | D:10     | 8277 ||| INVOKING Heroism.
  8279 | D:10     | Killed a two-headed ogre
  8291 | D:10     | Received a gift from Okawaru
  8434 | D:10     | 8434 ||| SWAPPING to +0 arbalest of flaming.
  8435 | D:10     | 8435 ||| DROPPING +0 heavy orcbow.
  8436 | D:10     | 8436 ||| READING 2 scrolls of brand weapon.
  8436 | D:10     | 8436 ||| BRANDING +0 arbalest of flaming.
  8437 | D:10     | 8437 ||| READING scroll of brand weapon.
  8437 | D:10     | 8437 ||| BRANDING +0 arbalest of freezing.
  8475 | D:10     | Identified the +1 leather armour of Parlour Games {Rampage
                  | *Corrode rPois rN++}
  8476 | D:10     | 8476 ||| INVOKING Heroism.
  8501 | D:10     | Found a shimmering altar of Xom.
  8662 | D:10     | Found a radiant altar of Vehumet.
  8672 | D:10     | Noticed a two-headed ogre
  8673 | D:10     | 8673 ||| INVOKING Heroism.
  8682 | D:10     | Killed a two-headed ogre
  8898 | D:10     | Found a runed translucent gate.
  8899 | D:10     | Found a runed translucent gate.
  8900 | D:10     | Found a runed translucent gate.
  8901 | D:10     | Noticed qw's ghost (journeyman DEHu)
  8902 | D:10     | Noticed qw's ghost (novice DEHu)
  8902 | D:10     | Noticed qw's ghost (journeyman DEHu)
  8902 | D:10     | Noticed qw's ghost (novice DEHu)
  8923 | D:10     | 8923 ||| INVOKING Heroism.
  9242 | D:10     | 9242 ||| PLANNING LAIR
  9285 | Lair:1   | Entered Level 1 of the Lair of Beasts
  9307 | Lair:1   | 9307 ||| INVOKING Heroism.
  9314 | Lair:1   | Reached skill level 17 in Ranged Weapons
  9319 | Lair:1   | Received a gift from Okawaru
  9543 | Lair:1   | 9543 ||| INVOKING Heroism.
  9561 | Lair:1   | Reached skill level 9 in Invocations
  9562 | Lair:1   | 9562 ||| INVOKING Heroism.
  9820 | Lair:1   | 9820 ||| INVOKING Heroism.
  9963 | Lair:1   | 9963 ||| INVOKING Heroism.
 10018 | Lair:1   | Noticed a catoblepas
 10019 | Lair:1   | 10019 ||| INVOKING Heroism.
 10023 | Lair:1   | Killed a catoblepas
 10221 | Lair:1   | 10221 ||| DROPPING amulet of the acrobat.
 10222 | Lair:1   | 10222 ||| READING scroll labelled LEVAX LANGEGIB.
 10223 | Lair:1   | 10223 ||| READING scroll labelled PON TANKYJEHUM.
 10256 | Lair:2   | Reached XP level 12. HP: 71/71 MP: 24/24
 10268 | Lair:2   | 10268 ||| INVOKING Heroism.
 10272 | Lair:2   | 10272 ||| Stepping ~*~*~tactically~*~*~ (water).
 10274 | Lair:2   | 10274 ||| Stepping ~*~*~tactically~*~*~ (water).
 10275 | Lair:2   | 10275 ||| Stepping ~*~*~tactically~*~*~ (water).
 10275 | Lair:2   | HP: 13/71 [drowned by a water nymph (7)]
 10276 | Lair:2   | 10276 ||| READING 4 scrolls of teleportation.
 10276 | Lair:2   | HP: 1/71 [drowned by a water nymph (10)]
 10277 | Lair:2   | 10277 ||| DRINKING 2 potions of heal wounds.
 10278 | Lair:2   | 10278 ||| Stepping ~*~*~tactically~*~*~ (water).
 10279 | Lair:2   | 10279 ||| DRINKING potion of heal wounds.
 10374 | Lair:2   | 10374 ||| INVOKING Heroism.
 10376 | Lair:2   | Reached skill level 18 in Ranged Weapons
 10404 | Lair:2   | Noticed a death yak
 10404 | Lair:2   | Noticed a death yak
 10405 | Lair:2   | 10405 ||| INVOKING Finesse.
 10407 | Lair:2   | Killed a death yak
 10408 | Lair:2   | Noticed a death yak
 10408 | Lair:2   | Noticed a death yak
 10409 | Lair:2   | Noticed a death yak
 10423 | Lair:2   | Killed a death yak
 10431 | Lair:2   | HP: 13/72 [death yak (22)]
 10432 | Lair:2   | 10432 ||| READING 4 scrolls of teleportation.
 10432 | Lair:2   | Slain by a death yak

Levels and vault maps discovered:
D:1:      psy_arrival_spokes, layout_basic
D:2:      layout_loops_ring, basic_altar, solitary_fountain, dk_noncrumbling_4,
          minmay_misc_feat_more_columns, serial_bayou_pond_a, uniq_natasha
D:3:      layout_basic, nicolae_qazlal_general_emergency,
          general_overflow_altar, okawaru_trees_2, basic_ecumenical_altar,
          st_stairs_8, uniq_ijyb
D:4:      layout_basic, mainiacjoe_overflow_alcove_1,
          biasface_ghost_orc_armoury, supply_closet_lemuel,
          chequers_serial_rivers_marsh, minmay_fractal_squares_gapless_5,
          uniq_grinder, uniq_pargi
D:5:      cheibrodos_quashed, layout_loops_ring,
          mainiacjoe_overflow_surrounded_room, lemuel_blue_sif_altar,
          portal_sewer_entry_b, uniq_sigmund
D:6:      layout_loops_corners, minmay_ruined_shrine, uniq_edmund
D:7:      layout_basic, lemuel_crystal_altar, trog_wizard,
          minmay_temple_entry_mini_moons, uniq_pikel
D:8:      layout_loops_ring, chequers_serial_rivers_micro_b,
          minmay_chambers_of_fives, uniq_joseph, uniq_psyche
D:9:      layout_rooms, gammafunk_temple_overflow_statue, uniq_maurice
D:10:     layout_cave_pools, mainiacjoe_overflow_24_doors,
          mainiacjoe_overflow_cross_hatched, david_lair_generic,
          gammafunk_ghost_cemetery
Lair:1:   layout_gridlike, infiniplex_staircase_pool
Lair:2:   layout_loops_ring, nicolae_shoals_entry_flooding,
          nicolae_spider_entry_orb_guardian, ebering_ghost_xom,
          minmay_stone_trees_small

Skill      XL: |  1  2  3  4  5  6  7  8  9 10 11 12 |
---------------+-------------------------------------+-----
Ranged Weapons | 6 7 8 9 10 11 13 16 17 18 | 18.0
Fighting       | 2 3 4 6 7 |  7.1
Armour         | 1 2 3 |  3.0
Dodging        | 4 5 8 9 |  9.7
Invocations    | 1 4 5 9 10 | 10.0
Stealth        | |  1.2

Action                     |  1- 3 |  4- 6 |  7- 9 | 10-12 || total
---------------------------+-------+-------+-------+-------++-------
   Fire: Shortbow          |    78 |   169 |    77 |       ||   324
         Orcbow            |       |       |   321 |   257 ||   578
         Arbalest          |       |       |       |   209 ||   209
 Invoke: Heroism           |       |     1 |    12 |    16 ||    29
         Finesse           |       |       |       |     1 ||     1
    Use: Scroll            |     4 |     6 |     8 |    10 ||    28
         Potion            |     1 |     1 |       |     5 ||     7
 Armour: Leather armour    |     2 |       |       |       ||     2
         Ring mail         |     5 |    43 |    67 |    84 ||   199
  Dodge: Dodged            |     6 |    43 |   132 |   215 ||   396

Table legend:
 A = Non-vault XP
 B = Vault XP
 C = Vault XP percentage of total XP
 D = Non-vault monster count
 E = Vault monster count
 F = Vault count percentage of total count
                 A         B        C        D         E       F
            +---------+---------+-------+---------+---------+-------
      Total |   20556 |    4855 |  19.1 |     240 |      71 |  22.8
            +---------+---------+-------+---------+---------+-------
        D:1 |      38 |       0 |   0.0 |      22 |       0 |   0.0
        D:2 |      53 |      35 |  39.8 |      22 |       1 |   4.3
        D:3 |     138 |      37 |  21.1 |      19 |       2 |   9.5
        D:4 |     275 |     521 |  65.5 |      22 |       6 |  21.4
        D:5 |     597 |     257 |  30.1 |      20 |       9 |  31.0
        D:6 |    1011 |     464 |  31.5 |      19 |       8 |  29.6
        D:7 |    2076 |     685 |  24.8 |      26 |       1 |   3.7
        D:8 |    1146 |    1120 |  49.4 |      25 |       7 |  21.9
        D:9 |    1621 |    1050 |  39.3 |      12 |       4 |  25.0
       D:10 |    5261 |     484 |   8.4 |      29 |       1 |   3.3
     Lair:1 |    4767 |       0 |   0.0 |      16 |       0 |   0.0
     Lair:2 |    3573 |       0 |   0.0 |       8 |       0 |   0.0
      Sewer |       0 |     202 | 100.0 |       0 |      32 | 100.0
            +---------+---------+-------+---------+---------+-------
